 Dungeon Crawl Stone Soup version 0.17-a0-1570-g74b7129 (webtiles) character file.

568812 wvc the Conqueror (level 25, -6/257 HPs)
             Began as a Minotaur Assassin on July 19, 2015.
             Was the Champion of Zin.
             Killed from afar by a starcursed mass (11 damage)
             ... with an accursed screaming
             ... while paralysed by accursed screaming
             ... on level 4 of the Abyss on July 24, 2015.
             The game lasted 04:21:06 (67774 turns).

wvc the Conqueror (Minotaur Assassin)              Turns: 67774, Time: 04:21:06

Health: -6/257     AC: 37    Str: 22    XL:     25   Next: 57%
Magic:  31/31      EV:  2    Int: 11    God:    Zin [******]
Gold:   1619       SH:  0    Dex: 30    Spells: 5 memorised, 22 levels left

rFire  + + +     SeeInvis .     j - +9 sacred scourge (holy)
rCold  + . .     Rnd*Rage +     E - quicksilver dragon armour of Lozalian {MR+ Dex+3}
rNeg   + + +     SustAt   .     S - +8 large shield {rC+ rF+}
rPois  +         Gourm    .     m - +0 hat
rElec  .         Spirit   .     b - +1 cloak "Ziedox" {rN+ Str+3 Dex+6}
rCorr  .         Warding  +     y - +1 pair of gloves of Untruth {rPois rF++ Int+3}
rMut   .         Stasis   .     q - +2 pair of boots {run}
MR     ++...                    T - brooch of Shielding {Ward rN+ AC+4 EV+4}
Stlth  +.........               K - +4 ring of protection
                                W - ring "Olacet" {rN+ Slay+4}

@: paralysed, about to teleport, glowing, repel missiles, quick, very resistant
to hostile enchantments, very unstealthy
A: retaliatory headbutt, horns 2, iridescent scales 1, berserk 1, fire
resistance 1
a: Recite, Vitalisation, Imprison, Sanctuary, Cure All Mutations, Renounce
Religion
}: 3/15 runes: decaying, silver, gossamer


You were on level 4 of the Abyss.
You worshipped Zin.
Zin was exalted by your worship.
You were not hungry.

You visited 10 branches of the dungeon, and saw 52 of its levels.
You visited the Abyss 1 time.
You visited 1 bazaar.
You also visited: Labyrinth, Trove and Ice Cave.

You collected 8460 gold pieces.
You spent 5540 gold pieces at shops.
You donated 1301 gold pieces to Zin.

Inventory:

Hand weapons
 j - a +9 sacred scourge of holy wrath (weapon)
 s - a +5 blowgun
Missiles
 e - 169 poisoned needles
 f - 23 curare-tipped needles
Armour
 a - a +2 gold dragon armour
 b - the +1 cloak "Ziedox" (worn) {rN+ Str+3 Dex+6}
   (You acquired it on level 3 of the Spider Nest)

   It affects your strength (+3).
   It affects your dexterity (+6).
   It protects you from negative energy.
 m - a +0 hat (worn)
 q - a +2 pair of boots of running (worn)
 y - the +1 pair of gloves of Untruth (worn) {rPois rF++ Int+3}
   (You acquired it on level 2 of the Swamp)

   It affects your intelligence (+3).
   It greatly protects you from fire.
   It protects you from poison.
 E - the quicksilver dragon armour of Lozalian (worn) {MR+ Dex+3}
   (Okawaru gifted it to you on level 2 of the Lair of Beasts)

   It affects your dexterity (+3).
   It affects your resistance to hostile enchantments.
 S - a +8 large shield of resistance (worn)
Magical staves
 A - an uncursed staff of wizardry
Jewellery
 d - the ring "Naet" {+/*Tele rF+ Str+4 Dex+4 Stlth+}
   (You found it on level 2 of the Crypt)

   [ring of teleportation]

   It may teleport you to nearby monsters, and can be evoked to randomly
   teleport.
   It affects your strength (+4).
   It affects your dexterity (+4).
   It protects you from fire.
   It makes you more stealthy.
 u - an uncursed ring of sustain attributes
 H - the ring of Ynaskeir {-Tele rPois rF++ Dex+3 SInv}
   (You found it in a treasure trove)

   [ring of see invisible]

   It affects your dexterity (+3).
   It greatly protects you from fire.
   It protects you from poison.
   It lets you see invisible.
   It prevents most forms of teleportation.
 K - a +4 ring of protection (right hand)
 T - the brooch of Shielding (around neck) {Ward rN+ AC+4 EV+4}
   (You took it off a deep elf high priest on level 3 of the Elven Halls)

   [amulet of warding]

   It may prevent the melee attacks of summoned creatures.
   It affects your AC (+4).
   It affects your evasion (+4).
   It protects you from negative energy.
 W - the ring "Olacet" (left hand) {rN+ Slay+4}
   (You found it on level 3 of the Crypt)

   [ring of positive energy]

   It affects your accuracy and damage with ranged weapons and melee attacks
   (+4).
   It protects you from negative energy.
Magical devices
 O - a wand of hasting (5)
Scrolls
 i - 4 scrolls of magic mapping
 n - 17 scrolls of remove curse
 o - a scroll of summoning
 v - a scroll of brand weapon
 x - a scroll of identify
 D - 14 scrolls of blinking
 M - 3 scrolls of recharging
 P - 8 scrolls of amnesia
 Q - 2 scrolls of silence
 U - 3 scrolls of immolation
 X - 10 scrolls of teleportation
 Y - 15 scrolls of fog
Potions
 h - 12 potions of curing
 k - 8 potions of cancellation
 l - 7 potions of heal wounds
 r - 4 potions of might
 w - 3 potions of berserk rage
 z - 5 potions of ambrosia
 B - 2 potions of magic
 C - 2 potions of resistance
 F - 9 potions of flight
 I - 6 potions of brilliance
 L - 6 potions of agility
 N - 3 potions of invisibility
 Z - 4 potions of haste
Miscellaneous
 c - a phial of floods
 p - an ornate deck of changes {the Elixir, drawn: 4}
 t - a legendary deck of destruction {Degeneration}
 J - a phantom mirror
Comestibles
 g - 33 bread rations
 G - 2 meat rations


   Skills:
 O Level 27 Fighting
   Level 2.1 Short Blades
 - Level 14.6(15.9) Maces & Flails
 - Level 11.0(14.1) Staves
 - Level 2.0 Throwing
 + Level 18.2 Armour
 - Level 20.3 Dodging
 - Level 3.2 Stealth
 - Level 25.0 Shields
 - Level 6.4 Spellcasting
 - Level 4.1 Charms
 - Level 5.3 Translocations
 - Level 4.4 Air Magic
 * Level 10.5 Invocations


You had 22 spell levels left.
You knew the following spells:

 Your Spells              Type           Power        Failure   Level  Hunger
a - Blink                 Tloc           N/A          6%          2    ##.....
b - Repel Missiles        Chrm/Air       ##....       10%         2    ##.....
c - Apportation           Tloc           ###.......   3%          1    None
d - Swiftness             Chrm/Air       ##......     10%         2    ##.....
e - Controlled Blink      Tloc           N/A          100%        7    #######


Dungeon Overview and Level Annotations

Branches:
Dungeon (15/15)            Temple (1/1) D:4            Lair (8/8) D:8
  Swamp (4/4) Lair:4       Spider (4/4) Lair:5        Slime (0/6) Lair:7
    Orc (4/4) D:12            Elf (3/3) Orc:4        Vaults (5/5) D:13
  Crypt (3/3) Vaults:3       Tomb (0/3) Crypt:3      Depths (5/5) D:15
    Zot (0/5) Depths:5

Altars:
Ashenzari
Cheibriados
Dithmenos
Elyvilon
Fedhas
Gozag
Kikubaaqudgha
Makhleb
Nemelex Xobeh
Okawaru
Qazlal
Ru
Sif Muna
Trog
Vehumet
Xom
Yredelemnul
Zin
The Shining One
Beogh

Shops:
D:6 [   D:8 %   D:11 !   D:12 }   D:15 [   Orc:1 [   Orc:3 *   Orc:4 ?(*:
Elf:2 (   Elf:3 (   Vaults:1 ?   Depths:1 }

Portals:
Hell: Depths:1 Depths:2 Depths:3 Depths:4 Depths:5
Abyss: Depths:1 Depths:4
Pandemonium: Depths:2 Depths:3
Ziggurat: Depths:1

Annotations:
D:4 Alipheese's ghost, experienced NaFi
D:5 Yermak's ghost, experienced FoBe
Elf:2 3 runed doors


Innate Abilities, Weirdness & Mutations

You reflexively headbutt those who attack you in melee.
You have a pair of horns on your head.
You are partially covered in iridescent scales (AC +4).
You tend to lose your temper in combat.
Your flesh is heat resistant.


Message History

You block the starcursed mass's attack.
A cacophony of accursed wailing tears at your sanity!
* * * LOW HITPOINT WARNING * * *
Cornered, the raiju turns to fight!
You block the daeva's attack. You block the daeva's attack.
Drink which item? (? for menu, Esc to quit)
You feel much better. You block the starcursed mass's attack.
A cacophony of accursed wailing tears at your sanity!
* * * LOW HITPOINT WARNING * * *
You suddenly lose the ability to move!
The smoke demon gestures at you. Something smites you!
* * * LOW HITPOINT WARNING * * *
The starcursed mass engulfs you but does no damage.
The smoke demon is no longer dazed.
The daeva calls down the wrath of the Shining One upon you.
Something smites you!
* * * LOW HITPOINT WARNING * * *
A cacophony of accursed wailing tears at your sanity!
You die...

###. # .#3
. #. 3#..
####.###
#*#.
#......##X#
.# ##X@X#..
# #.##AXX#
#*ยง #X.
#XX## . #
...#..#X.#
..# ..##.#
#..## ###.#
# # ##h###
#. . # #.#
. . . . ###
##. . #. .
# . . ..#


You could see 9 starcursed masses, a daeva, a wretched star, a smoke demon and a
raiju.

Vanquished Creatures
  Khufu (Crypt:3)
  Mara (Abyss:1)
  2 ancient liches
  Frederick (Abyss:1)
  Margery (Vaults:2)
  Saint Roka (Vaults:4)
  3 caustic shrikes (Depths:4)
  Nikola (Depths:2)
  4 golden dragons
  A profane servitor (Crypt:3)
  Xtahua (Crypt:3)
  Arachne (Spider:2)
  2 bone dragons
  6 liches
  A Hell Sentinel (Abyss:4)
  5 tentacled monstrosities
  Asterion (Vaults:1)
  9 deep elf blademasters
  11 titans
  3 tentacled starspawn
  8 deep elf master archers
  4 quicksilver dragons
  An ancient champion (Crypt:3)
  A storm dragon (Vaults:5)
  6 sphinxes
  3 shadow dragons (Vaults:5)
  6 tengu reavers
  Roxanne (D:14)
  21 fire giants
  3 revenants
  8 deep elf sorcerers
  Wiglaf (Crypt:3)
  A draconian knight (Depths:5)
  11 vault wardens
  17 frost giants
  Louise (Swamp:3)
  3 curse skulls
  2 orc warlords
  3 emperor scorpions (Spider:4)
  5 ghost moths
  2 war gargoyles
  11 ghouls
  8 ironheart preservers
  5 very ugly things
  32 stone giants
  A reaper (Abyss:2)
  A salamander firebrand (Depths:4)
  2 vampire knights (Depths:2)
  Nessos (Orc:2)
  2 grey draconians (Depths:5)
  8 deep elf annihilators
  9 deep elf demonologists
  A green draconian (Depths:5)
  3 salamander stormcallers
  3 red draconians
  3 purple draconians
  The ghost of Alipheese the Fighter, a powerful NaFi of Makhleb (Lair:4)
  2 white draconians (Crypt:3)
  3 eidola
  A minotaur (Lab)
  7 ettins
  2 crystal guardians
  9 deep elf death magi
  The ghost of Rayvis the Warrior, a powerful MiFi of Okawaru (D:10)
  A blizzard demon (Abyss:4)
  A quicksilver dragon zombie (Crypt:1)
  The ghost of George the Blocker, a powerful MiFi of Okawaru (D:12)
  7 great orbs of eyes
  6 fire dragons
  4 deep elf high priests
  13 jiangshi
  4 rakshasas
  28 vault guards
  3 ice dragons
  4 entropy weavers
  2 ghost crabs
  A ghost crab (shapeshifter) (Vaults:2)
  2 death cobs (Crypt:3)
  15 yaktaur captains
  Erolcha (Orc:3)
  An ice dragon (shapeshifter) (Vaults:4)
  2 catoblepae
  19 hydras
  A spriggan air mage (Depths:4)
  3 alligators
  A hell beast (Depths:3)
  5 deep troll shamans
  2 dancing weapons (Elf:2)
  5 death knights
  6 centaur warriors
  5 vampire magi
  15 ogre magi
  A queen ant (Lair:7)
  7 death yaks (Lair:5)
  7 tengu warriors
  9 thrashing horrors
  8 orc high priests (Orc:4)
  A spectral storm dragon (Crypt:3)
  13 hell knights
  Urug (Lair:4)
  30 deep elf knights
  2 spriggan berserkers (Depths:4)
  7 deep troll earth magi
  22 large abominations
  A titan zombie (Crypt:3)
  3 hell hogs (Abyss:4)
  A sun demon (Abyss:4)
  A fire crab (Vaults:1)
  A titan skeleton (Abyss:4)
  An iron troll (Depths:4)
  4 wretched stars (Abyss:4)
  15 small abominations
  2 wizards
  5 shadow wraiths
  26 skeletal warriors
  A shadow demon (Abyss:4)
  An anaconda zombie (Crypt:3)
  A spatial maelstrom (Abyss:2)
  4 giant orange brains
  3 salamander mystics
  4 shambling mangroves
  2 ice devils
  16 swamp dragons
  2 unseen horrors
  A swamp dragon (shapeshifter) (Vaults:5)
  A shadow dragon zombie (Crypt:1)
  10 flayed ghosts
  2 death drakes (shapeshifter) (Vaults:1)
  An unseen horror (shapeshifter) (Depths:2)
  3 ice statues (IceCv)
  19 deep trolls
  3 harpies (Vaults:4)
  7 deep elf summoners
  An anubis guard (shapeshifter) (Vaults:4)
  20 deep elf conjurers
  8 hill giants
  25 orc knights
  A sphinx zombie (Depths:1)
  A harpy (shapeshifter) (Vaults:5)
  18 ironbrand convokers
  The ghost of Yermak the Chopper, an experienced FoBe of Trog (D:6)
  The ghost of cireshan the Thaumaturge, an experienced DECj of Sif Muna (D:7)
  An iron dragon zombie (Crypt:3)
  A lindwurm (shapeshifter) (Vaults:5)
  42 ugly things
  6 necromancers
  A wolf spider zombie (Crypt:3)
  A shining eye (Abyss:4)
  21 wolf spiders
  17 phantasmal warriors
  A stone giant zombie (Vaults:4)
  A shining eye (shapeshifter) (Depths:5)
  8 hornets
  7 orb spiders
  An elephant (shapeshifter) (D:13)
  7 griffons
  A hornet (shapeshifter) (Vaults:3)
  5 salamanders
  2 sixfirhies (Abyss:4)
  A black mamba (shapeshifter) (Vaults:5)
  6 black mambas
  A guardian serpent (shapeshifter) (Vaults:1)
  6 smoke demons
  A cyclops (shapeshifter) (Depths:5)
  5 centaur zombies
  3 worldbinders
  13 elephants
  7 orc sorcerers
  3 cyclopes
  3 apocalypse crabs
  A torpor snail (Spider:2)
  9 vault sentinels
  A hellion (Abyss:4)
  3 moths of wrath
  32 spiny frogs
  3 gargoyles
  7 komodo dragons
  51 yaktaurs
  4 kobold demonologists
  A fire drake (shapeshifter) (Depths:2)
  A mottled draconian zombie (Crypt:2)
  3 hellwings (Abyss:1)
  12 deep elf priests
  13 demonic crawlers
  3 red devils
  A red draconian skeleton (Crypt:1)
  7 tengu conjurers
  A yellow draconian skeleton (Crypt:1)
  7 ancient zymes
  8 freezing wraiths
  2 catoblepas skeletons (Crypt:1)
  A mottled draconian skeleton (Crypt:1)
  3 spriggan druids
  7 fire drakes
  16 jumping spiders
  A troll (shapeshifter) (D:13)
  12 polar bears (Lair:8)
  8 trolls
  A wind drake (shapeshifter) (Elf:3)
  25 slime creatures
  A raiju (shapeshifter) (Vaults:2)
  36 blink frogs
  7 giant leeches
  A wolf spider simulacrum (D:15)
  2 boulder beetles (Vaults:2)
  9 raiju (Abyss:4)
  A jumping spider (shapeshifter) (Depths:1)
  8 bog bodies
  A blink frog (shapeshifter) (Depths:2)
  A fire dragon zombie (Crypt:1)
  22 two-headed ogres
  59 flying skulls
  A spriggan zombie (Depths:3)
  19 tarantellas
  2 ynoxinuls (Abyss:4)
  3 vampires
  5 shadows
  18 trapdoor spiders
  A spriggan skeleton (Depths:1)
  7 wraiths
  5 wyverns
  An ice dragon zombie (Depths:1)
  2 ettin skeletons
  16 spriggans
  An ice dragon skeleton (Depths:1)
  A redback (shapeshifter) (Depths:3)
  75 yaks
  6 air elementals
  An alligator skeleton (Crypt:2)
  A trapdoor spider (shapeshifter) (Depths:2)
  8 basilisks
  38 deep elf magi
  54 redbacks
  5 chaos spawn
  5 neqoxecs
  26 deep elf fighters
  A hog (shapeshifter) (D:13)
  A basilisk (shapeshifter) (Depths:3)
  A water elemental (Depths:1)
  17 hippogriffs
  14 wolves (Lair:8)
  19 vampire mosquitoes
  A hungry ghost (D:9)
  A spatial vortex (Abyss:2)
  7 insubstantial wisps
  6 wargs
  A soldier ant (shapeshifter) (D:13)
  4 mottled dragons
  18 water moccasins
  A monstrous demonspawn zombie (Crypt:1)
  24 swamp worms
  71 orc warriors
  18 porcupines
  A deep troll skeleton (Crypt:2)
  21 soldier ants
  11 ice beasts
  11 necrophages
  2 ettin simulacra
  A merfolk skeleton (Crypt:1)
  13 swamp drakes
  31 spiders
  An eye of draining (shapeshifter) (Depths:3)
  A snapping turtle zombie (Abyss:4)
  9 black bears
  7 sky beasts
  19 starcursed masses (Abyss:4)
  82 ogres
  2 eyes of draining (D:13)
  4 phantoms
  16 wasps
  13 centaurs
  3 boggarts (Depths:2)
  13 crocodiles
  7 big kobolds
  20 giant frogs
  2 wyvern zombies
  A gnoll sergeant (D:7)
  3 scorpions
  28 wights
  A raiju zombie (Crypt:2)
  8 electric eels
  A hippogriff skeleton (Crypt:2)
  8 killer bees
  5 quasits
  A giant frog zombie (Crypt:2)
  8 crimson imps
  2 gnoll shamans (D:7)
  6 jellies
  8 hounds
  A human simulacrum (Vaults:4)
  5 centaur skeletons
  3 giant frog skeletons
  An iron imp (Abyss:3)
  36 orc priests
  14 two-headed ogre zombies (Orc:3)
  A demonspawn skeleton (Crypt:2)
  45 orc wizards
  A black bear skeleton (Crypt:2)
  10 iguanas
  24 worker ants
  A killer bee zombie (Crypt:1)
  31 sheep
  2 hound zombies
  A naga skeleton (Crypt:3)
  3 mummies (Crypt:3)
  46 river rats
  6 worker ant zombies
  8 adders
  9 gnolls (D:7)
  A river rat (shapeshifter) (Vaults:5)
  A shadow imp (D:13)
  16 white imps
  2 ufetubi
  5 oozes
  2 adder zombies (D:3)
  A worm (D:5)
  4 giant geckos
  353 orcs
  A bat skeleton (D:3)
  A bat zombie (D:3)
  28 goblins
  28 hobgoblins
  5 quokkas
  A ball python (D:3)
  14 bats
  6 giant cockroaches
  2 giant gecko skeletons
  7 giant newts
  4 jackals (D:7)
  A jackal zombie (D:3)
  37 kobolds
  A quokka skeleton (D:6)
  A quokka zombie (Crypt:2)
  20 rats
  3 crawling corpses
  4 fire vortices
  A fungus (Lair:6)
  3 lurking horrors (Abyss:4)
3004 creatures vanquished.

Vanquished Creatures (collateral kills)
  2 wargs (Vaults:4)
2 creatures vanquished.

Vanquished Creatures (others)
  An eldritch tentacle (Depths:1)
  A balrug (Depths:1)
  2 fire giants
  A frost giant (Vaults:5)
  A deep elf sorcerer (Vaults:3)
  An iron dragon (Vaults:5)
  2 vault wardens
  A very ugly thing (Depths:1)
  3 stone giants
  An ironheart preserver (Vaults:3)
  A deep elf demonologist (Abyss:4)
  A red draconian (Depths:5)
  2 ettins
  3 fire dragons (Depths:5)
  A yaktaur captain (Vaults:5)
  A rakshasa (Depths:3)
  An ice dragon (Depths:3)
  An ogre mage (Vaults:3)
  A death yak (Lair:5)
  A deep troll earth mage (Depths:4)
  A deep troll shaman (Depths:3)
  A spriggan berserker (Depths:4)
  A tengu warrior (Depths:1)
  2 shadow wraiths (Vaults:3)
  A deep elf knight (Elf:1)
  A deep troll (Depths:3)
  An ironbrand convoker (Vaults:4)
  2 necromancers
  3 ugly things
  4 orc knights (Vaults:4)
  A cyclops (Vaults:2)
  A wolf spider (Vaults:4)
  A cyclops (shapeshifter) (Vaults:2)
  2 salamanders
  A black mamba (shapeshifter) (Vaults:4)
  3 yaktaurs
  A fire drake (Lair:7)
  2 freezing wraiths
  A troll (Vaults:4)
  2 two-headed ogres
  A hydra skeleton (Crypt:3)
  2 blink frogs (Lair:5)
  An ettin zombie (Vaults:2)
  A slime creature (Depths:2)
  A spriggan (Swamp:3)
  2 flying skulls (Crypt:3)
  2 large abominations
  A vampire mosquito (Vaults:3)
  A wraith (Crypt:2)
  3 deep elf fighters
  4 deep elf magi
  A small abomination (Abyss:4)
  An orc warrior (Vaults:4)
  2 wasps
  2 ogres
  A boggart (Depths:2)
  An orc wizard (Vaults:3)
  2 orcs
  A bush (Lair:5)
  74 eldritch tentacle segments (Depths:1)
  2 fire vortices (Vaults:5)
  38 fungi
  3 lost souls (Crypt:3)
  2 lurking horrors (Abyss:4)
  30 plants
  6 starspawn tentacles (Abyss:4)
  23 starspawn tentacle segments (Abyss:4)
267 creatures vanquished.

Grand Total: 3273 creatures vanquished

Notes
Turn   | Place    | Note
--------------------------------------------------------------
     0 | D:1      | wvc the Minotaur Assassin began the quest for the Orb.
     0 | D:1      | Reached XP level 1. HP: 18/18 MP: 0/0
     2 | D:1      | Noticed a tengu
     2 | D:1      | Noticed a vine stalker
     4 | D:1      | Noticed a human
     6 | D:1      | Noticed an octopode
     6 | D:1      | Noticed a merfolk
     8 | D:1      | Noticed a formicid
     8 | D:1      | Noticed a troll
    10 | D:1      | Noticed an elf
    10 | D:1      | Noticed a spriggan
    14 | D:1      | Noticed a vampire
    14 | D:1      | Noticed a ghoul
    16 | D:1      | Noticed a minotaur
    18 | D:1      | Noticed a demonspawn
    18 | D:1      | Noticed a naga
    20 | D:1      | Noticed an ogre
    22 | D:1      | Noticed a centaur
    22 | D:1      | Noticed a gargoyle
    24 | D:1      | Noticed a felid
    24 | D:1      | Noticed a dwarf
    26 | D:1      | Noticed a demigod
    26 | D:1      | Noticed a draconian
   108 | D:1      | Reached skill level 1 in Armour
   133 | D:1      | Reached XP level 2. HP: 18/25 MP: 1/1
   464 | D:1      | Reached XP level 3. HP: 20/31 MP: 2/2
   698 | D:2      | Reached skill level 1 in Maces & Flails
   854 | D:2      | Found a burning altar of Makhleb.
   856 | D:2      | Found a shimmering altar of Xom.
  1066 | D:2      | Reached XP level 4. HP: 38/38 MP: 3/3
  1469 | D:3      | Found an opulent altar of Gozag.
  1659 | D:3      | Reached skill level 4 in Maces & Flails
  1940 | D:3      | Found a stormy altar of Qazlal.
  1966 | D:3      | Reached XP level 5. HP: 40/45 MP: 4/4
  2156 | D:3      | Reached skill level 5 in Maces & Flails
  2181 | D:3      | Found a sacrificial altar of Ru.
  2791 | D:4      | Noticed Alipheese's ghost (experienced NaFi)
  3078 | D:4      | Found a staircase to the Ecumenical Temple.
  3083 | Temple   | Entered the Ecumenical Temple
  3147 | Temple   | Became a worshipper of Warmaster Okawaru
  3258 | D:4      | Reached skill level 6 in Maces & Flails
  3258 | D:4      | Reached XP level 6. HP: 32/51 MP: 5/5
  3694 | D:4      | Reached skill level 7 in Maces & Flails
  3758 | D:5      | Entered Level 5 of the Dungeon
  3817 | D:5      | Acquired Okawaru's first power
  3817 | D:5      | Reached XP level 7. HP: 53/57 MP: 6/6
  3831 | D:5      | Reached skill level 8 in Maces & Flails
  4068 | D:5      | Noticed Yermak's ghost (experienced FoBe)
  4135 | D:5      | Reached skill level 9 in Maces & Flails
  4393 | D:5      | Reached skill level 10 in Maces & Flails
  4598 | D:6      | Found a stormy altar of Qazlal.
  4607 | D:6      | Reached XP level 8. HP: 39/62 MP: 7/7
  4834 | D:6      | Found a shadowy altar of Dithmenos.
  4874 | D:6      | Found Betrigu's Antique Armour Shop.
  5030 | D:6      | Reached skill level 11 in Maces & Flails
  5333 | D:6      | Bought a pitted leather armour for 182 gold pieces
  5343 | D:6      | Identified the cursed +0 leather armour of Fortification {rC+ Str+2 Dex+2} (You bought it in a shop on level 6 of the Dungeon)
  5500 | D:6      | Killed Yermak's ghost
  5500 | D:6      | Reached skill level 12 in Maces & Flails
  6142 | D:6      | Reached XP level 9. HP: 41/69 MP: 4/8
  6298 | D:6      | Bought a pair of runed gloves for 117 gold pieces
  6359 | D:6      | Reached skill level 13 in Maces & Flails
  6854 | D:7      | Noticed cireshan's ghost (experienced DECj)
  6875 | D:7      | Killed cireshan's ghost
  6875 | D:7      | Reached skill level 14 in Maces & Flails
  7034 | D:7      | Reached skill level 1 in Staves
  7034 | D:7      | Reached skill level 1 in Invocations
  7540 | D:7      | Reached skill level 1 in Shields
  7596 | D:7      | Received a gift from Okawaru
  7596 | D:7      | Reached XP level 10. HP: 55/80 MP: 6/10
  7903 | D:7      | Gained mutation: You are dopey. (Int -2) [mutagenic meat]
  7904 | D:7      | Gained mutation: You evolve. [mutagenic meat]
  8376 | D:8      | Reached skill level 5 in Shields
  8665 | D:8      | Acquired Okawaru's second power
  8699 | D:8      | Got a fine leather armour
  8711 | D:8      | Identified the cursed +1 leather armour "Efeosimn" {Int+3} (You found it on level 8 of the Dungeon)
  8749 | D:8      | Found a staircase to the Lair.
  8900 | D:8      | Found a radiant altar of Vehumet.
  8974 | D:8      | Found Fyitu's Food Emporium.
  9569 | D:9      | Reached skill level 10 in Shields
  9851 | D:9      | Found a shattered altar of Ashenzari.
  9851 | D:9      | Found a deep blue altar of Sif Muna.
  9851 | D:9      | Found a blossoming altar of Fedhas.
 10009 | D:9      | Reached XP level 11. HP: 81/85 MP: 11/11
 10170 | Lair:1   | Entered Level 1 of the Lair of Beasts
 10183 | D:8      | Received a gift from Okawaru
 10191 | D:8      | Got a fine quarterstaff {god gift}
 10197 | D:8      | Identified the +9 quarterstaff of Kifyaj {flame, MR+} (Okawaru gifted it to you on level 8 of the Dungeon)
 10723 | Lair:1   | Reached skill level 5 in Fighting
 11507 | Lair:2   | Reached skill level 5 in Dodging
 11517 | Lair:2   | Reached skill level 5 in Staves
 11886 | Lair:2   | Received a gift from Okawaru
 12387 | Lair:2   | Found a blossoming altar of Fedhas.
 12779 | Lair:2   | Received a gift from Okawaru
 12782 | Lair:2   | Got an ancient quicksilver dragon armour {god gift}
 12793 | Lair:2   | Identified the quicksilver dragon armour of Lozalian {MR+ Dex+3} (Okawaru gifted it to you on level 2 of the Lair of Beasts)
 13134 | Lair:3   | Reached XP level 12. HP: 69/97 MP: 12/12
 13905 | Lair:4   | Found a labyrinth entrance.
 13914 | Lab      | Entered a labyrinth
 14048 | Lab      | Noticed a minotaur
 14058 | Lab      | Killed a minotaur
 14067 | Lab      | Got a shimmering wooden ring
 14069 | Lab      | Identified the ring of Muhoamaf {Fire rElec Str+3 Int-2} (You found it in a labyrinth)
 14084 | Lab      | Learned a level 2 spell: Blink
 14087 | Lab      | Learned a level 2 spell: Repel Missiles
 14122 | Lair:4   | Found a frozen archway.
 14143 | Lair:4   | Reached skill level 10 in Staves
 14153 | IceCv    | Entered an ice cave
 14947 | Lair:4   | Noticed Alipheese's ghost (powerful NaFi)
 14955 | Lair:4   | Gained mutation: You are very dopey. (Int -4) [evolution]
 14965 | Lair:4   | Killed Alipheese's ghost
 15336 | Lair:4   | Found a staircase to the Swamp.
 15338 | Lair:4   | Reached skill level 5 in Armour
 15687 | Lair:4   | Received a gift from Okawaru
 15880 | Lair:4   | Noticed Urug
 15895 | Lair:4   | Killed Urug
 15895 | Lair:4   | Received a gift from Okawaru
 16307 | Lair:5   | Reached XP level 13. HP: 111/111 MP: 13/13
 16754 | Lair:5   | Reached skill level 10 in Dodging
 16762 | Lair:5   | Reached skill level 10 in Fighting
 16852 | Lair:5   | Found a hole to the Spider Nest.
 16914 | Lair:5   | Identified a -1 rod of destruction (13/13) (You found it on level 5 of the Lair of Beasts)
 17314 | Lair:5   | Received a gift from Okawaru
 18297 | Lair:7   | Learned a level 1 spell: Apportation
 18573 | Lair:7   | Gained mutation: You occasionally shout uncontrollably at your foes. [potion of mutation]
 18573 | Lair:7   | Lost mutation: You are very dopey. (Int -4) [potion of mutation]
 18573 | Lair:7   | Gained mutation: You can spit weak poison. [potion of mutation]
 18718 | Lair:7   | Reached XP level 14. HP: 120/125 MP: 14/14
 19114 | Lair:7   | Received a gift from Okawaru
 19233 | Lair:7   | Found a staircase to the Slime Pits.
 19727 | Lair:7   | Gained mutation: You have a pair of large horns on your head. [evolution]
 19796 | Lair:8   | Entered Level 8 of the Lair of Beasts
 19842 | Lair:8   | Got a tattered robe
 19853 | Lair:8   | Identified the +0 robe "Sopefrod" {*Confuse rPois rCorr Stlth+} (You found it on level 8 of the Lair of Beasts)
 20381 | Lair:8   | Received a gift from Okawaru
 20400 | Lair:8   | Got a shimmering chain mail {god gift}
 20956 | Lair:8   | Identified the +6 chain mail of Fiqisug {rPois rF+ Int-5 Dex-4} (Okawaru gifted it to you on level 8 of the Lair of Beasts)
 21801 | Lair:2   | Reached XP level 15. HP: 129/138 MP: 15/15
 21865 | D:10     | Entered Level 10 of the Dungeon
 22087 | D:10     | Got an ancient scale mail
 22098 | D:10     | Identified the +3 scale mail of the Centipede {rPois rN+ Stlth+} (You found it on level 10 of the Dungeon)
 22154 | D:10     | Noticed Rayvis's ghost (powerful MiFi)
 22168 | D:10     | Killed Rayvis's ghost
 22229 | D:10     | Found a blossoming altar of Fedhas.
 22233 | D:10     | Gained mutation: You are partially covered in thin metallic scales (AC +2). [evolution]
 22233 | D:10     | Lost mutation: You evolve. [end of evolution]
 22630 | D:11     | Found Neop's Distillery.
 22633 | D:11     | Bought a potion of invisibility for 96 gold pieces
 22633 | D:11     | Bought a potion of agility for 48 gold pieces
 22633 | D:11     | Bought a potion of agility for 48 gold pieces
 22633 | D:11     | Bought a potion of flight for 36 gold pieces
 22689 | D:11     | You fall through a shaft for 3 floors!
 22755 | D:13     | Gained mutation: You are partially covered in iridescent scales (AC +4). [mutagenic meat]
 22756 | D:13     | Gained mutation: You have supernaturally acute eyesight. [mutagenic meat]
 22757 | D:13     | Gained mutation: You can translocate small distances at will. [mutagenic meat]
 22758 | D:13     | Gained mutation: You are frail (-10% HP). [mutagenic meat]
 22759 | D:13     | Gained mutation: You possess an exceptional clarity of mind. [mutagenic meat]
 22774 | D:13     | Gained mutation: You are clumsy. (Dex -2) [mutagenic meat]
 22804 | D:13     | Received a gift from Okawaru
 23471 | D:12     | Found a roughly hewn altar of Beogh.
 23490 | D:12     | Found a staircase to the Orcish Mines.
 23515 | D:12     | Noticed George's ghost (powerful MiFi)
 23523 | D:12     | Killed George's ghost
 23523 | D:12     | Received a gift from Okawaru
 23523 | D:12     | Reached skill level 15 in Dodging
 23659 | D:12     | Found Koecohiq's Gadget Shoppe.
 23798 | Orc:1    | Entered Level 1 of the Orcish Mines
 23798 | Orc:1    | Found Kuwool's Antique Armour Emporium.
 23821 | Orc:1    | Bought an embroidered cloak for 139 gold pieces
 23914 | Orc:1    | Found a roughly hewn altar of Beogh.
 24301 | Orc:2    | Found a roughly hewn altar of Beogh.
 24466 | Orc:3    | Noticed Nessos
 24498 | Orc:2    | Killed Nessos
 25005 | Orc:3    | Found Jotzorch's General Store.
 25274 | Orc:3    | Noticed Erolcha
 25295 | Orc:3    | Killed Erolcha
 25490 | Orc:4    | Entered Level 4 of the Orcish Mines
 25580 | Orc:4    | Reached skill level 15 in Fighting
 25774 | Orc:4    | Found a roughly hewn altar of Beogh.
 26094 | Orc:4    | Found Rujex's Assorted Antiques.
 26106 | Orc:4    | Bought a scroll of identify for 60 gold pieces
 26106 | Orc:4    | Bought a scroll of identify for 60 gold pieces
 26106 | Orc:4    | Bought a potion of curing for 90 gold pieces
 26106 | Orc:4    | Bought 2 potions of curing for 180 gold pieces
 26116 | Orc:4    | Found Vadearphu's Book Shop.
 26131 | Orc:4    | Bought a manual of Dodging for 1435 gold pieces
 26259 | Orc:4    | Received a gift from Okawaru
 26432 | Orc:4    | Found a staircase to the Elven Halls.
 26516 | Orc:4    | Received a gift from Okawaru
 26516 | Orc:4    | Reached skill level 16 in Dodging
 26520 | Orc:4    | Got a smoking quarterstaff {god gift}
 26521 | Orc:4    | Identified the +3 quarterstaff of Intimidation {venom, rPois} (Okawaru gifted it to you on level 4 of the Orcish Mines)
 26684 | Orc:4    | Found a roughly hewn altar of Beogh.
 26695 | Orc:4    | Found Tyuvips's Weapon Boutique.
 26926 | Orc:4    | Found Fotimuf's Magic Scroll Shop.
 27182 | Orc:4    | Bought a scroll of identify for 22 gold pieces
 27182 | Orc:4    | Bought a scroll of blinking for 82 gold pieces
 27182 | Orc:4    | Bought a scroll of blinking for 82 gold pieces
 27182 | Orc:4    | Bought a scroll of identify for 22 gold pieces
 27852 | Elf:1    | Entered Level 1 of the Elven Halls
 27866 | Elf:1    | Found a flickering gateway to a bazaar.
 27882 | Bazaar   | Entered a bazaar
 27909 | Bazaar   | Found Zofaum's Antique Armour Shoppe.
 27909 | Bazaar   | Found Piukhlec's Magic Scroll Emporium.
 27930 | Bazaar   | Found Viypnup's Magic Scroll Shoppe.
 27930 | Bazaar   | Found Ramicvys's Armour Emporium.
 27995 | Bazaar   | Bought a pair of embroidered boots for 117 gold pieces
 28013 | Bazaar   | Bought a scroll of enchant armour for 90 gold pieces
 28013 | Bazaar   | Bought a scroll of blinking for 90 gold pieces
 28013 | Bazaar   | Bought a scroll of enchant armour for 90 gold pieces
 28013 | Bazaar   | Bought a scroll of teleportation for 36 gold pieces
 28013 | Bazaar   | Bought a scroll of magic mapping for 42 gold pieces
 28153 | Elf:1    | Reached skill level 17 in Dodging
 28212 | Elf:1    | Received a gift from Okawaru
 28226 | Elf:1    | Identified a +2 pair of boots of running (Okawaru gifted it to you on level 1 of the Elven Halls)
 28313 | Elf:1    | Reached XP level 16. HP: 85/135 MP: 16/16
 28354 | Elf:1    | Reached skill level 10 in Armour
 29323 | Elf:2    | Found Quet's Weapon Emporium.
 29392 | Elf:2    | Reached skill level 18 in Dodging
 29403 | Elf:2    | Found a runed gate.
 29403 | Elf:2    | Found a runed gate.
 29403 | Elf:2    | Found a runed gate.
 29890 | Elf:3    | Entered Level 3 of the Elven Halls
 30102 | Elf:3    | Identified a scroll of acquirement
 30566 | Elf:3    | Found Nyeczeoss's Antique Weapon Emporium.
 30669 | Elf:3    | Reached skill level 19 in Dodging
 31352 | Elf:3    | Received a gift from Okawaru
 31889 | Elf:3    | Noticed a deep elf master archer
 31898 | Elf:3    | Killed a deep elf master archer
 31904 | Elf:3    | Got a steaming plate armour
 31904 | Elf:3    | Got a translucent gossamer ring
 31914 | Elf:3    | Identified the ring "Meackef" {rC++ MR+ MP+9 Int-5 Stlth+} (You took it off a deep elf master archer on level 3 of the Elven Halls)
 31932 | Elf:3    | Identified the +5 plate armour "Wiero" {rC++ Stlth+} (You took it off a deep elf master archer on level 3 of the Elven Halls)
 32002 | Elf:3    | Got a faintly glowing morningstar
 32018 | Elf:3    | Received a gift from Okawaru
 32025 | Elf:3    | Identified the +8 morningstar of Ritwatz {drain, rElec rPois rN+ Str-2} (You took it off a deep elf sorcerer on level 3 of the Elven Halls)
 32039 | Elf:3    | Noticed a deep elf blademaster
 32237 | Elf:3    | Noticed a Brimstone Fiend
 32415 | Elf:3    | Noticed a deep elf blademaster
 32429 | Elf:3    | Killed a deep elf blademaster
 32429 | Elf:3    | Reached skill level 20 in Dodging
 32429 | Elf:3    | Reached XP level 17. HP: 141/146 MP: 17/17
 32454 | Elf:3    | Noticed a deep elf master archer
 32475 | Elf:3    | Killed a deep elf master archer
 32557 | Elf:3    | Identified the Tome of Distant Worlds
 32565 | Elf:3    | Got a fine cloak
 32576 | Elf:3    | Identified the +0 cloak "Forget-Me-Not" {SInv} (You found it on level 3 of the Elven Halls)
 32622 | Elf:3    | Killed a deep elf blademaster
 33437 | Spider:1 | Entered Level 1 of the Spider Nest
 33442 | Spider:1 | Received a gift from Okawaru
 33453 | Spider:1 | Got a bronze chain mail {god gift}
 33464 | Spider:1 | Identified the +0 chain mail of the Maze {*Contam rPois rN++ MR+} (Okawaru gifted it to you on level 1 of the Spider Nest)
 34147 | Spider:2 | Noticed Arachne
 34173 | Spider:2 | Killed Arachne
 34489 | Spider:2 | Got a wizard robe
 34490 | Spider:2 | Identified the +1 robe of the Carpenter {Str+2 Stlth+} (You found it on level 2 of the Spider Nest)
 35905 | Spider:3 | Got a spiked cloak
 35916 | Spider:3 | Identified the +1 cloak "Ziedox" {rN+ Str+3 Dex+6} (You acquired it on level 3 of the Spider Nest)
 36267 | Spider:4 | Entered Level 4 of the Spider Nest
 36593 | Spider:4 | Received a gift from Okawaru
 36609 | Spider:4 | Reached skill level 1 in Air Magic
 36738 | Spider:4 | Reached skill level 1 in Charms
 36795 | Spider:4 | Reached skill level 1 in Translocations
 36820 | Spider:4 | Reached skill level 1 in Spellcasting
 37050 | Spider:4 | Reached XP level 18. HP: 160/160 MP: 15/20
 37064 | Spider:4 | Got a gossamer rune of Zot
 37497 | Swamp:1  | Entered Level 1 of the Swamp
 38171 | Swamp:2  | Received a gift from Okawaru
 38299 | Swamp:2  | Identified the Incunabulum of Destructive Lightness
 38551 | Swamp:2  | Got a pair of jewelled gloves
 38562 | Swamp:2  | Identified the +1 pair of gloves of Untruth {rPois rF++ Int+3} (You acquired it on level 2 of the Swamp)
 39070 | Swamp:3  | Noticed Louise
 39083 | Swamp:3  | Killed Louise
 39492 | Swamp:4  | Entered Level 4 of the Swamp
 39561 | Swamp:4  | Reached skill level 5 in Spellcasting
 39571 | Swamp:4  | Received a gift from Okawaru
 39694 | Swamp:4  | Got a decaying rune of Zot
 39734 | Swamp:4  | Learned a level 2 spell: Swiftness
 40722 | D:13     | Found a gate to the Vaults.
 40912 | D:13     | Gained mutation: Your flesh is heat resistant. [potion of beneficial mutation]
 41923 | D:14     | Noticed Roxanne
 41944 | D:14     | Killed Roxanne
 41953 | D:14     | Identified Roxanne's Disquisition on Damaging Earth (You took it off Roxanne on level 14 of the Dungeon)
 42770 | D:15     | Entered Level 15 of the Dungeon
 42928 | D:15     | Received a gift from Okawaru
 42934 | D:15     | Reached XP level 19. HP: 158/166 MP: 27/27
 42941 | D:15     | Reached skill level 5 in Translocations
 42999 | D:15     | Found a staircase to the Depths.
 43058 | D:15     | Found Inideruc's Antique Armour Shop.
 43061 | D:15     | Bought a pair of ancient boots for 199 gold pieces
 43071 | D:15     | Identified the +4 pair of boots "Wagext" {rElec rF- Slay+2} (You bought it in a shop on level 15 of the Dungeon)
 43084 | D:15     | Bought the +2 cloak of Starlight {rElec rC+ EV+4 Stlth--} for 1039 gold pieces
 43084 | D:15     | Bought a shiny shield for 94 gold pieces
 44029 | Vaults:1 | Entered Level 1 of the Vaults
 44139 | Vaults:1 | Found Daris's Magic Scroll Emporium.
 44150 | Vaults:1 | Bought a scroll of enchant weapon for 90 gold pieces
 44150 | Vaults:1 | Bought a scroll of blinking for 90 gold pieces
 44350 | Vaults:1 | Noticed Asterion
 44374 | Vaults:1 | Killed Asterion
 44477 | Vaults:1 | Got a steaming morningstar
 44478 | Vaults:1 | Identified the cursed +0 morningstar "Buetiuz" {venom, Int+4} (You found it on level 1 of the Vaults)
 44903 | Vaults:1 | Received a gift from Okawaru
 45223 | Vaults:1 | Received a gift from Okawaru
 45550 | Vaults:2 | Noticed Margery
 45573 | Vaults:2 | Killed Margery
 45693 | Vaults:2 | Got a pair of bloodstained boots
 45694 | Vaults:2 | Identified the +1 pair of boots of Pride {rN++ MR- Slay+2 Stlth+} (You found it on level 2 of the Vaults)
 45735 | Vaults:2 | Received a gift from Okawaru
 46237 | Vaults:2 | Reached skill level 21 in Fighting
 46450 | Vaults:2 | Reached XP level 20. HP: 178/178 MP: 28/28
 46638 | Vaults:3 | Found a staircase to the Crypt.
 46638 | Vaults:3 | Found a basalt altar of Yredelemnul.
 46639 | Vaults:3 | Found an ancient bone altar of Kikubaaqudgha.
 46785 | Vaults:3 | Reached skill level 15 in Shields
 47033 | Vaults:3 | Received a gift from Okawaru
 47345 | Vaults:3 | Received a gift from Okawaru
 47410 | Vaults:3 | Reached skill level 22 in Fighting
 47420 | Vaults:3 | Received a gift from Okawaru
 47731 | Vaults:4 | Noticed Saint Roka
 48163 | Vaults:4 | Noticed Frederick
 48178 | Vaults:4 | Banished Frederick
 48200 | Vaults:4 | Reached skill level 23 in Fighting
 48303 | Vaults:4 | Killed Saint Roka
 48734 | Vaults:4 | Reached XP level 21. HP: 190/190 MP: 29/29
 49224 | Vaults:5 | Entered Level 5 of the Vaults
 49234 | Vaults:5 | Received a gift from Okawaru
 49234 | Vaults:5 | Reached skill level 24 in Fighting
 49238 | Vaults:5 | Received a gift from Okawaru
 49239 | Vaults:5 | Got a slimy chain mail {god gift}
 49354 | Vaults:5 | Reached skill level 25 in Fighting
 49531 | Vaults:5 | Identified the +8 chain mail of Okawaru's Whim {MP+9} (Okawaru gifted it to you on level 5 of the Vaults)
 49836 | Vaults:5 | Received a gift from Okawaru
 49836 | Vaults:5 | Reached skill level 26 in Fighting
 50098 | Vaults:5 | Got a jewelled chain mail {god gift}
 50099 | Vaults:5 | Identified the +1 chain mail of the Wishes {rF- Str+4} (Okawaru gifted it to you on level 5 of the Vaults)
 50361 | Vaults:5 | Reached XP level 22. HP: 206/206 MP: 30/30
 50465 | Vaults:5 | Got a silver rune of Zot
 50709 | Vaults:5 | Got a dazzling ring mail
 50710 | Vaults:5 | Identified the cursed +1 ring mail of the Orange Skies {rC+ MR- Int+3 Dex+2} (You found it on level 5 of the Vaults)
 50736 | Vaults:5 | Identified Sif Muna's Disquisition on Stones
 51481 | Vaults:1 | Bought a scroll of acquirement for 624 gold pieces
 51481 | Vaults:1 | Bought 2 scrolls of enchant armour for 180 gold pieces
 51481 | Vaults:1 | Bought a scroll of identify for 24 gold pieces
 51481 | Vaults:1 | Bought a scroll of remove curse for 36 gold pieces
 51683 | Depths:1 | Entered Level 1 of the Depths
 51725 | Depths:1 | Found a one-way gate to the infinite horrors of the Abyss.
 51797 | Depths:1 | Found a gateway to Hell.
 51897 | Depths:1 | Found Jaur's Quality Used Wands.
 52097 | Depths:1 | Noticed Mara
 52136 | Depths:1 | Banished Mara
 52167 | Depths:1 | Reached skill level 27 in Fighting
 52631 | Depths:1 | Noticed wvc's illusion
 52645 | Depths:1 | Banished Mara
 52729 | Depths:1 | Banished Mara
 52752 | Depths:1 | Found a gateway to a ziggurat.
 52752 | Depths:1 | Noticed an ancient lich
 53183 | Depths:1 | Upgraded the game from 0.17-a0-1554-g3b847ca to 0.17-a0-1570-g74b7129
 53228 | Depths:1 | Received a gift from Okawaru
 53239 | Depths:1 | Got a translucent scale mail {god gift}
 53240 | Depths:1 | Identified the +6 scale mail of the Journeyman {rC++ rN+ Int+2} (Okawaru gifted it to you on level 1 of the Depths)
 53312 | Depths:2 | Reached skill level 15 in Armour
 53578 | Depths:2 | Found a one-way gate leading to the halls of Pandemonium.
 53768 | Depths:2 | Noticed Nikola
 54040 | Depths:2 | Lost mutation: You possess an exceptional clarity of mind. [potion of cure mutation]
 54040 | Depths:2 | Lost mutation: You are dopey. (Int -2) [potion of cure mutation]
 54040 | Depths:2 | Lost mutation: You are partially covered in thin metallic scales (AC +2). [potion of cure mutation]
 54040 | Depths:2 | Lost mutation: You have a pair of large horns on your head. [potion of cure mutation]
 54041 | Depths:2 | Lost mutation: You are frail (-10% HP). [potion of cure mutation]
 54041 | Depths:2 | Lost mutation: You occasionally shout uncontrollably at your foes. [potion of cure mutation]
 54041 | Depths:2 | Lost mutation: You can spit weak poison. [potion of cure mutation]
 54041 | Depths:2 | Lost mutation: You can translocate small distances at will. [potion of cure mutation]
 54041 | Depths:2 | Lost mutation: You are clumsy. (Dex -2) [potion of cure mutation]
 54041 | Depths:2 | Lost mutation: You have supernaturally acute eyesight. [potion of cure mutation]
 54839 | Depths:3 | Found a portal to a secret trove of treasure.
 54849 | Depths:3 | You paid a toll of a wand of hasting (9) to enter a treasure trove
 54850 | Trove    | Entered a treasure trove
 54874 | Trove    | Got a scintillating brass amulet
 54880 | Trove    | Identified the amulet "Ajeen" {Gourm Int+2} (You found it in a treasure trove)
 54887 | Trove    | Got an ancient glass ring
 54891 | Trove    | Identified the ring of Ynaskeir {-Tele rPois rF++ Dex+3 SInv} (You found it in a treasure trove)
 54923 | Trove    | Got a heavily runed ring mail
 54934 | Trove    | Identified the +0 ring mail "Ytua" {rPois rF++ Dex+4 Stlth-} (You found it in a treasure trove)
 55094 | Depths:2 | Reached XP level 23. HP: 199/240 MP: 31/31
 55100 | Depths:2 | Killed Nikola
 55100 | Depths:2 | Received a gift from Okawaru
 56418 | Depths:4 | Received a gift from Okawaru
 56421 | Depths:4 | Got a steaming crystal plate armour {god gift}
 56465 | Depths:4 | Identified the +14 crystal plate armour "Siomimm" {-Tele rN+ Str+5} (Okawaru gifted it to you on level 4 of the Depths)
 57481 | Depths:5 | Entered Level 5 of the Depths
 57775 | Depths:5 | Received a gift from Okawaru
 57776 | Depths:5 | Got a spiked cloak {god gift}
 57777 | Depths:5 | Identified the +0 cloak of wvc's Fortitude {rElec MP-9 Slay+2} (Okawaru gifted it to you on level 5 of the Depths)
 57819 | Depths:5 | Found a gate to the Realm of Zot.
 58053 | Depths:5 | Got a warped trident
 58731 | Temple   | Fell from the grace of Okawaru
 58731 | Temple   | Became a worshipper of the Shining One
 59932 | Crypt:1  | Entered Level 1 of the Crypt
 60029 | Crypt:1  | Reached XP level 24. HP: 245/249 MP: 31/31
 60063 | Crypt:1  | Acquired the Shining One's first power
 60385 | Crypt:1  | Acquired the Shining One's second power
 60917 | Crypt:2  | Acquired the Shining One's third power
 61080 | Crypt:2  | Acquired the Shining One's fourth power
 61405 | Crypt:2  | Got a twitching glass ring
 61407 | Crypt:2  | Identified the ring "Naet" {+/*Tele rF+ Str+4 Dex+4 Stlth+} (You found it on level 2 of the Crypt)
 61643 | Crypt:3  | Entered Level 3 of the Crypt
 62190 | Temple   | Identified a +9 sacred scourge of holy wrath (a +8 demon whip of flaming blessed by the Shining One)
 62914 | Crypt:3  | Noticed Khufu
 62921 | Crypt:3  | Noticed Wiglaf
 63520 | Crypt:3  | Killed Khufu
 63565 | Crypt:3  | Found an ancient bone altar of Kikubaaqudgha.
 63858 | Crypt:3  | Noticed Xtahua
 63928 | Crypt:3  | Killed Xtahua
 63942 | Crypt:3  | Found a staircase to the Tomb.
 63942 | Crypt:3  | Noticed an ancient lich
 63951 | Crypt:3  | Killed an ancient lich
 63971 | Crypt:3  | Learned a level 7 spell: Controlled Blink
 64264 | Crypt:3  | Got a coiled pewter ring
 64270 | Crypt:3  | Identified the ring "Detresu" {*Confuse rN+ Int+5 Stlth+} (You found it on level 3 of the Crypt)
 64274 | Crypt:3  | Got a smoking copper amulet
 64274 | Crypt:3  | Got a fine pewter ring
 64276 | Crypt:3  | Identified the amulet "Lumomu" {Ward +Blink rN+ Dex+4} (You found it on level 3 of the Crypt)
 64278 | Crypt:3  | Identified the ring "Olacet" {rN+ Slay+4} (You found it on level 3 of the Crypt)
 64341 | Crypt:3  | Killed Wiglaf
 65098 | Temple   | Fell from the grace of the Shining One
 65098 | Temple   | Became a worshipper of Zin the Law-Giver
 65098 | Temple   | Acquired Zin's first power
 65098 | Temple   | Acquired Zin's second power
 65098 | Temple   | Acquired Zin's third power
 65098 | Temple   | Acquired Zin's fourth power
 65099 | Temple   | Donated 1190 gold pieces to Zin
 65371 | Depths:1 | Voluntarily entered the Abyss.
 65439 | Abyss:1  | Noticed wvc's illusion
 65464 | Abyss:1  | Killed Mara
 65464 | Abyss:1  | Reached XP level 25. HP: 246/257 MP: 31/31
 65819 | Abyss:1  | Killed Frederick
 66058 | Abyss:2  | Reached skill level 5 in Invocations
 66119 | Abyss:2  | Was forgiven by Okawaru
 66252 | Abyss:2  | Noticed an ancient lich
 66260 | Abyss:2  | Killed an ancient lich
 66275 | Abyss:2  | Gained mutation: You tend to lose your temper in combat. [a neqoxec]
 66769 | Abyss:4  | Paralysed by accursed screaming for 1 turns
 67231 | Abyss:4  | Found a corrupted altar of Lugonu.
 67542 | Abyss:4  | Reached skill level 10 in Invocations
 67773 | Abyss:4  | Paralysed by accursed screaming for 2 turns
 67774 | Abyss:4  | HP: 5/257 [daeva/divine providence (9)]
 67774 | Abyss:4  | Killed from afar by a starcursed mass

Vault maps used:
D:1:      kb_arrival_jail, serial_bayou_crossing
D:2:      grunt_temple_overflow_open, st_stairs_7
D:3:      lemuel_coloured_pillars_altar, overflow_temple_1_default,
          nicolae_ru_path_of_blood, serial_undead, serial_undead_e,
          serial_undead_c, serial_undead_c, serial_undead_a, serial_undead_b,
          serial_undead_c
D:4:      temple_doors_e, hangedman_decor_opposing
D:5:      first_bread, grunt_decor_arrowhead
D:6:      grunt_dithmenos_smoke_and_mirrors, serial_shops, shop,
          grunt_qazlal_sundering
D:7:      kennysheep_housing_project
D:8:      vehumet_crystals, minmay_lair_entry_grove, serial_shops, shop
D:9:      gammafunk_temple_overflow_claw
D:10:     hangedman_abyss_or_decor_jellyfish_corner, hangedman_tree_tricks
D:11:     serial_shops, kennysheep_mini_moat
D:12:     david_orc_5, serial_shops, kennysheep_mini, minmay_misc_feat_roman
D:13:     minmay_big_diamond_grid, david_vaults_2
D:14:     minmay_three_doors, uniq_roxanne
D:15:     hangedman_depths_entry_civil_slaughter, serial_shops,
          nicolae_shop_behind_doors, grunt_decor_cap
Temple:   dpeg_three_leaves_temple_9
Lair:1:   infiniplex_staircase_pool_2
Lair:2:   lemuel_centaur_altar
Lair:3:   infiniplex_staircase_pool, lemuel_fruit_tree
Lair:4:   nicolae_swamp_entry_splash_gauntlet, portal_ice_cave_entry_imps,
          lab_entry_generic, uniq_urug
Lair:5:   beast_lair_carwin_large_2, nicolae_spider_entry_tight_spaces,
          kennysheep_basilisk_garden
Lair:7:   beast_lair_carwin_large_3, nicolae_slime_entry_slimehenge,
          minivault_29
Lair:8:   minmay_lair_end_enchanted_forest, hangedman_lair_generics_rect
Swamp:1:  evilmike_swamp_ruin_house_1
Swamp:2:  evilmike_swamp_ruin_rubble_2
Swamp:3:  nicolae_swamp_trees_clearing, uniq_louise
Swamp:4:  swamp_alternative
Spider:1: spider_trap
Spider:2: hangedman_spider_tarantella_strand, uniq_arachne
Spider:3: nicolae_spider_hall_of_the_moth_king, spider_trap
Spider:4: spider_rune_water
Orc:1:    serial_shops, shop, basic_altar
Orc:2:    basic_altar, nicolae_orc_sculptors_studio
Orc:3:    lemuel_ogre_cave, serial_shops, shop, nicolae_orc_pool_cavern,
          uniq_nessos
Orc:4:    pubby_orc_utopia
Elf:1:    serial_shops, bzr_entry_lakeside, kennysheep_underground_church,
          hangedman_decor_cross_pass
Elf:2:    serial_shops, nicolae_shop_waterfront, uniq_norris, uniq_jorgrun,
          uniq_azrael
Elf:3:    elf_hall_gauntlet_narrow, serial_shops, nicolae_shop_stone,
          nicolae_elf_big_sculpture_2, spider_trap, st_stairs_13,
          grunt_ministairs_6, due_unseen_surprise
Vaults:1: nicolae_vaults_hallways_thing, ontoclasm_vaults_claustrophobia,
          st_cells, nicolae_vaults_windows_and_doors_thing, v_misc_24,
          nicolae_vaults_little_squares_3, hangedman_vaults_snaps, v_misc_2,
          v_alt_pattern_2, vaults_dpeg_hooks, vaults_room_corners, serial_shops,
          shop, uniq_asterion
Vaults:2: v_misc_27, nicolae_vaults_asterisk, hangedman_vaults_unwind, st_cross,
          ontoclasm_vaults_twist, v_misc_15, grunt_vaults_diagonal,
          nicolae_vaults_angled_halls, nicolae_vaults_theta, uniq_margery
Vaults:3: st_star, nicolae_vaults_mini_display_case,
          nicolae_vaults_big_angled_halls, v_misc_12, v_misc_32,
          hangedman_vaults_locks, minmay_crypt_entry_necro_gods,
          nicolae_vaults_sealed_display, nicolae_vaults_theta, vaults_dpeg_ring
Vaults:4: nicolae_vaults_stairing_the_circle, v_rooms_5, vaults_room_door_hall,
          v_rooms_2, vaults_mumra_minichess, vaults_dpeg_cross,
          nicolae_vaults_twisting_passages, uniq_frederick, uniq_saint_roka
Vaults:5: serial_shops
Crypt:3:  grunt_crypt_end_deaths_head, uniq_wiglaf, uniq_xtahua, uniq_khufu
Depths:1: enter_ziggurat_c, serial_bayou_pond_c, hellmouth_1, abyss_entry,
          nicolae_for_you_no_charge, serial_bayou_shore_b, uniq_mara
Depths:2: kennysheep_six_static_rooms, hell_entry, minmay_misc_feat_columns,
          rand_demon_pan_entry_9, grunt_ministairs_14, basic_loot_grate_trap,
          grunt_decor_resistance, hex_tiny, evilmike_butchery, uniq_nikola
Depths:3: minmay_ornate_pinched, grunt_mini_vestibule, enter_trove_2,
          kennysheep_decorative_pillar, pan_entry, serial_bayou_shore_b
Depths:4: hangedman_cross_veins, abyss_entry, hell_entry
Depths:5: evilmike_zot_entry_gauntlet, grunt_decor_fettered, hell_entry
Abyss:2:  evilmike_abyss_exit_chaos
Abyss:3:  hangedman_abyss_or_decor_slice, hangedman_abyss_or_decor_clamps,
          evilmike_abyss_exit_16
Abyss:4:  minivault_24, evilmike_abyss_rune_acolytes_2, evilmike_abyss_exit_6
Lab:      labyrinth_hidden_loot, nicolae_lab_dead_end, nicolae_lab_plus,
          lab_hedge, nicolae_lab_flowing_pool, labyrinth_skeletal_remains,
          nicolae_lab_arrow, nicolae_lab_stuck, nicolae_lab_diamond
Bazaar:   bazaar_short_row
Trove:    trove_garden
IceCv:    ice_cave_statue_garden_02

Action                   |  1- 3 |  4- 6 |  7- 9 | 10-12 | 13-15 | 16-18 | 19-21 | 22-24 | 25-27 || total
-------------------------+-------+-------+-------+-------+-------+-------+-------+-------+-------++-------
Melee: Dagger            |    59 |       |       |       |       |       |       |       |       ||    59
       Short sword       |    58 |    20 |       |       |       |       |       |       |       ||    78
       Flail             |       |   137 |    32 |   267 |       |       |       |       |       ||   436
       Whip              |       |    12 |   207 |       |       |       |       |       |       ||   219
       Morningstar       |       |       |   128 |       |       |    42 |       |       |       ||   170
       Quarterstaff      |       |       |       |   446 |  1929 |   443 |       |       |       ||  2818
       Demon whip        |       |       |       |       |       |  1425 |  1738 |  1454 |       ||  4617
       Eveningstar       |       |       |       |       |       |       |       |   606 |       ||   606
       Unarmed           |       |       |       |       |       |       |       |     8 |       ||     8
       Sacred scourge    |       |       |       |       |       |       |       |   691 |   566 ||  1257
 Fire: Blowgun           |       |     3 |       |       |       |       |       |       |       ||     3
 Cast: Repel Missiles    |       |       |       |       |       |     1 |    12 |     4 |     1 ||    18
       Apportation       |       |       |       |       |       |     5 |       |     1 |       ||     6
       Blink             |       |       |       |       |       |       |       |     1 |       ||     1
Invok: Heroism           |       |       |     3 |     9 |     9 |     6 |     4 |     4 |       ||    35
       Finesse           |       |       |       |     1 |       |     1 |     1 |       |       ||     3
       Cleansing Flame   |       |       |       |       |       |       |       |     2 |       ||     2
       Recite            |       |       |       |       |       |       |       |     1 |     4 ||     5
 Abil: Stop Flying       |       |       |       |       |     1 |       |       |       |       ||     1
Evoke: Wand              |       |       |       |     2 |     7 |     3 |     1 |     2 |       ||    15
       Deck              |       |       |       |     1 |     1 |     1 |     1 |       |       ||     4
       Rod               |       |       |       |       |     2 |       |       |       |       ||     2
       Fan of gales      |       |       |       |       |       |       |       |     1 |       ||     1
  Use: Scroll            |       |     8 |     6 |    15 |    16 |    20 |    16 |    33 |     6 ||   120
       Potion            |       |     2 |     2 |       |     4 |     4 |     4 |     4 |     2 ||    22
 Stab: Sleeping          |     4 |     6 |     2 |    21 |    14 |     5 |     2 |     2 |       ||    56
       Distracted        |       |       |     1 |     3 |     3 |     1 |     2 |     1 |     3 ||    14
       Confused          |       |       |       |       |     1 |     2 |     1 |       |       ||     4
       Petrifying        |       |       |       |       |     2 |       |       |       |       ||     2
       Fleeing           |       |       |       |       |     1 |       |       |       |       ||     1
       Petrified         |       |       |       |       |     1 |       |       |       |       ||     1
       Invisible         |       |       |       |       |       |    31 |       |       |       ||    31
  Eat: Beef jerky        |     2 |     1 |       |     2 |     4 |     3 |     3 |    11 |       ||    26
       Fruit             |       |     4 |       |    14 |    21 |     8 |     3 |     8 |       ||    58
       Chunk             |       |     2 |     3 |    11 |    10 |     3 |     5 |     2 |       ||    36
       Bread ration      |       |       |     2 |       |       |       |       |       |       ||     2
       Meat ration       |       |       |       |     1 |     3 |     3 |     2 |     4 |     1 ||    14
       Pizza             |       |       |       |     1 |     2 |     6 |     1 |     2 |       ||    12
       Royal jelly       |       |       |       |       |       |     1 |     1 |     1 |       ||     3
